 Dungeon Crawl Stone Soup version 0.27.1-3-gb3d3a73c9e (webtiles) character file.

Game seed: 16324408403331244367

19095 vatarom the Frost Mage (level 12, -3/99 HPs)
             Began as a Demonspawn Ice Elementalist on Oct 7, 2021.
             Was an Elder of Vehumet.
             Slain by a meliai (16 damage)
             ... on level 13 of the Dungeon.
             The game lasted 00:25:27 (17726 turns).

vatarom the Frost Mage (DsIE)                      Turns: 17726, Time: 00:25:27

Health: -3/99      AC:  7    Str: 19    XL:     12   Next: 33%
Magic:  23/23      EV: 12    Int: 23    God:    Vehumet [****..]
Gold:   742        SH:  5    Dex: 14    Spells: 10/25 levels left

rFire    . . .     SeeInvis +     - Unarmed
rCold    . . .     Faith    .   (no shield)
rNeg     . . .     Spirit   .   a - +0 robe
rPois    .         Reflect  +   l - +0 helmet
rElec    .         Harm     .   E - +1 cloak
rCorr    .         Rampage  .   (no gloves)
Will     .....     Clarity  +   m - +0 pair of boots
Stlth    ++........             g - amulet of reflection
HPRegen  0.26/turn              y - +6 ring of strength
MPRegen  0.18/turn              t - +6 ring of intelligence

@: about to teleport
A: claws 2, rugged brown scales 1, spiny 3, demonic magic 1, hooves 1, see
invisible, clarity
a: Renounce Religion


You were on level 13 of the Dungeon.
You worshipped Vehumet.
Vehumet was greatly pleased with you.
You visited 2 branches of the dungeon, and saw 14 of its levels.

You collected 742 gold pieces.

Inventory:

Hand Weapons
 d - a +1 dagger of protection
Missiles
 B - 6 throwing nets {!f}
Armour
 a - a +0 robe (worn)
 l - a +0 helmet (worn)
 m - a +0 pair of boots (worn)
 E - a +1 cloak (worn)
Jewellery
 g - an amulet of reflection (around neck)
 o - a ring of poison resistance
 t - a +6 ring of intelligence (right claw)
 v - the ring "Korr" {Ice rPois Str+2 Int+4}
   (You acquired it on level 11 of the Dungeon)

   [ring of ice]

   It enhances your ice magic.
   Str:       It affects your strength (+2).
   Int:       It affects your intelligence (+4).
   rF:        It makes you vulnerable to fire.
   rC:        It protects you from cold.
   rPois:     It protects you from poison.
 x - a ring of magical power
 y - a +6 ring of strength (left claw)
 X - a ring of magical power
Wands
 c - a wand of charming (8)
 n - a wand of flame (14)
 s - a wand of paralysis (7)
 C - a wand of mindburst (12)
 F - a wand of iceblast (5) {@v4}
Scrolls
 e - 2 scrolls of amnesia
 f - 4 scrolls of immolation
 h - a scroll of teleportation {@r3}
 i - 2 scrolls of enchant weapon
 p - 2 scrolls of identify {@r1}
 q - 3 scrolls of enchant armour
 z - a scroll of brand weapon
Potions
 b - a potion of ambrosia
 j - a potion of invisibility
 k - 2 potions of haste {@q3}
 r - 4 potions of heal wounds {@q2}
 u - a potion of resistance
 w - a potion of flight
 A - a potion of cancellation
 D - a potion of magic


   Skills:
 - Level 10.3 Fighting
 - Level 1.7 Dodging
 - Level 1.7 Stealth
 + Level 6.6 Unarmed Combat
 + Level 7.3 Spellcasting
 + Level 9.2 Conjurations
 * Level 10.8 Ice Magic


You had 10 spell levels left.
You knew the following spells:

 Your Spells              Type           Power      Damage    Failure   Level
a - Freeze                Ice            100%       1d11      1%          1
b - Frozen Ramparts       Ice            100%       1d12      1%          3
c - Hailstorm             Conj/Ice       53%        3d12      1%          4
d - Ice Form              Ice/Tmut       33%        N/A       8%          4
o - Ozocubu's Armour      Ice            55%        N/A       1%          3

Your spell library contained the following spells:

 Spells                   Type           Power      Damage    Failure   Level
 Sticky Flame             Conj/Fire      29%        2d5       3%          4
 Static Discharge         Conj/Air       29%        N/A       1%          2
 Dazzling Flash           Conj/Hex       58%        N/A       1%          3
 Conjure Ball Lightning   Conj/Air       14%        3x3d6     38%         6


Dungeon Overview and Level Annotations

Branches:
Dungeon (13/15)            Temple (1/1) D:6            Lair (0/6) D:11
    Orc (0/2) D:11
 Vaults: D:13-14

Altars:
Ashenzari
Cheibriados
Elyvilon
Gozag
Hepliaklqana
Kikubaaqudgha
Makhleb
Qazlal
Sif Muna
Trog
Vehumet
Wu Jian
Yredelemnul
Zin
The Shining One

Shops:
D:2 (   D:4 ?   D:6 [   D:9 ![=

Portals:
Trove: D:11 (give 3 potions of resistance)


Innate Abilities, Weirdness & Mutations

You have very sharp fingernails.
You are partially covered in rugged brown scales. (AC +1, +3% HP)
You are completely covered in sharp spines.
Spells you cast may paralyse adjacent enemies.
You have large cloven feet.
You have supernaturally acute eyesight. (SInv)
You possess an exceptional clarity of mind.


Message History

The phantasmal warrior blinks!
You scratch the phantasmal warrior.
The phantasmal warrior is heavily damaged.
The phantasmal warrior hits you.
You can't go up here!
The phantasmal warrior hits you!
The skeletal warrior closely misses you.
The phantasmal warrior hits you!!
* * * LOW HITPOINT WARNING * * *
As you read the scroll of teleportation {@r3}, it crumbles to dust.
You feel strangely unstable. The phantasmal warrior hits you.
* * * LOW HITPOINT WARNING * * *
Your willpower is stripped away!
The skeletal warrior completely misses you.
Your surroundings seem slightly different.
As you read the scroll of teleportation {@r3}, it crumbles to dust.
You feel strangely unstable.
The phantasmal warrior blinks!
There is an open door here.
Your surroundings suddenly seem different.
You start resting.
Magic restored.
You start resting.
You feel your willpower return.
You start resting.
A centaur warrior comes into view.
A centaur warrior is nearby!
The centaur warrior shouts!
The centaur warrior wields a +0 shortbow.
The centaur warrior shoots an arrow.
The arrow hits you!
The centaur warrior shoots an arrow.
The arrow hits you! 3 meliai come into view.
The meliai buzzes angrily. x2
The meliai calls down the wrath of its god upon you.
Something smites you!
The centaur warrior shoots an arrow.
The arrow hits you!
* * * LOW HITPOINT WARNING * * *
The meliai buzzes angrily.
As you read the scroll of teleportation {@r3}, it crumbles to dust.
You feel strangely unstable. The meliai is struck by your spines.
The meliai hits you with a +0 hand axe!
You die...

############
#..........###
#............
##...y......#
..y........^#
#.....y@...#
######.#####
#.# #.# ##.#
#..#
####+#######
#.##
#..........#
#c#
#..........#
#.#
#..........#


You could see a centaur warrior and 3 meliai.

Vanquished Creatures
  Harold (D:8)
  A hydra (D:12)
  Erolcha (D:12)
  Erica (D:9)
  2 two-headed ogres
  An ugly thing (D:12)
  A cyclops (D:11)
  A manticore (D:12)
  Joseph (D:9)
  2 gargoyles (D:12)
  4 orange demons (D:10)
  2 unseen horrors
  Maggie (D:8)
  Psyche (D:8)
  3 red devils (D:10)
  2 trolls
  4 slime creatures (D:12)
  A wraith (D:13)
  2 vampires
  19 yaks
  A steam dragon (D:8)
  10 vampire mosquitoes
  2 acid dragons
  A water moccasin (D:7)
  3 orc warriors
  An ice beast (D:6)
  2 necrophages (D:6)
  An ogre (D:6)
  4 centaurs
  3 wolves (D:11)
  A phantom (D:5)
  2 kobold brigands
  2 bullfrogs
  2 wyvern zombies
  A gnoll sergeant (D:9)
  A water moccasin zombie (D:5)
  2 scorpions
  12 killer bees
  4 electric eels (D:11)
  6 howler monkeys
  A lava snake (D:7)
  4 centaur zombies
  5 orc priests
  5 jellies
  A bullfrog skeleton (D:6)
  A centaur skeleton (D:7)
  8 hounds
  7 orc wizards
  5 iguanas
  A howler monkey zombie (D:9)
  6 adders
  4 gnolls (D:9)
  A shadow imp (D:7)
  2 white imps
  An adder skeleton (D:4)
  A worm (D:2)
  5 dart slugs
  40 orcs
  9 bats
  6 endoplasms
  A giant cockroach (D:2)
  7 goblins
  6 hobgoblins
  6 jackals
  4 quokkas
  7 ball pythons
  2 frilled lizards
  17 kobolds
  7 rats
282 creatures vanquished.

Vanquished Creatures (others)
  A shadow (D:11)
  2 fungi (D:2)
  6 plants (D:2)
9 creatures vanquished.

Grand Total: 291 creatures vanquished

Notes
Turn   | Place    | Note
-------+----------+-------------------------------------------
     0 | D:1      | vatarom the Demonspawn Ice Elementalist began the quest for
                  | the Orb.
     0 | D:1      | Reached XP level 1. HP: 13/13 MP: 3/3
   789 | D:1      | Gained mutation: You have sharp fingernails. [demonic
                  | ancestry]
   789 | D:1      | Reached XP level 2. HP: 19/19 MP: 3/5
  1562 | D:2      | Reached XP level 3. HP: 11/24 MP: 2/6
  1901 | D:2      | Found Lysmou's Weapon Emporium.
  2249 | D:2      | Found a faded altar of an unknown god.
  2263 | D:2      | Learned a level 3 spell: Frozen Ramparts
  2267 | D:2      | Learned a level 3 spell: Ozocubu's Armour
  2444 | D:2      | Gained mutation: You have very sharp fingernails. [demonic
                  | ancestry]
  2444 | D:2      | Reached XP level 4. HP: 30/30 MP: 5/8
  2826 | D:3      | Found an opulent altar of Gozag.
  2858 | D:3      | Found an opulent altar of Gozag.
  2858 | D:3      | Found an opulent altar of Gozag.
  2863 | D:3      | Found an opulent altar of Gozag.
  2994 | D:3      | Reached skill level 5 in Ice Magic
  3726 | D:4      | Found a stormy altar of Qazlal.
  3776 | D:4      | Gained mutation: You are partially covered in sharp spines.
                  | [demonic ancestry]
  3776 | D:4      | Reached XP level 5. HP: 29/35 MP: 6/9
  3941 | D:4      | Reached skill level 1 in Unarmed Combat
  4046 | D:4      | Reached skill level 1 in Fighting
  4190 | D:4      | Found Qiageff's Magic Scroll Boutique.
  4434 | D:4      | Noticed a centaur
  4444 | D:4      | Killed a centaur
  4445 | D:4      | Reached XP level 6. HP: 11/44 MP: 0/11
  4821 | D:4      | Found a shimmering blue altar of Sif Muna.
  4896 | D:5      | Entered Level 5 of the Dungeon
  5258 | D:5      | Gained mutation: You are mostly covered in sharp spines.
                  | [demonic ancestry]
  5258 | D:5      | Reached XP level 7. HP: 19/51 MP: 5/12
  5871 | D:5      | Noticed a vampire
  5880 | D:5      | Killed a vampire
  6161 | D:5      | Got the Guide on Damaging Changing
  6268 | D:6      | Found a staircase to the Ecumenical Temple.
  6277 | Temple   | Entered the Ecumenical Temple
  6287 | Temple   | Became a worshipper of Vehumet
  6356 | D:6      | Gained mutation: You are completely covered in sharp
                  | spines. [demonic ancestry]
  6356 | D:6      | Reached XP level 8. HP: 46/60 MP: 11/14
  6430 | D:6      | Learned a level 4 spell: Hailstorm
  6435 | D:6      | Learned a level 4 spell: Ice Form
  6811 | D:6      | Reached skill level 1 in Conjurations
  7059 | D:6      | Reached skill level 5 in Fighting
  7192 | D:6      | Found Loacie's Antique Armour Boutique.
  8517 | D:7      | Found a bloodstained altar of Trog.
  8522 | D:7      | Gained mutation: You are partially covered in rugged brown
                  | scales. (AC +1, +3% HP) [demonic ancestry]
  8522 | D:7      | Reached XP level 9. HP: 53/70 MP: 12/16
  8533 | D:7      | Reached * piety under Vehumet
  8533 | D:7      | Offered knowledge of Sandblast by Vehumet.
  8774 | D:8      | Noticed Harold
  8795 | D:8      | Killed Harold
  8796 | D:8      | Reached skill level 5 in Spellcasting
  9855 | D:8      | Noticed an angel
 10096 | D:8      | Noticed Maggie
 10106 | D:8      | Killed Maggie
 10192 | D:8      | Found a basalt altar of Yredelemnul.
 10224 | D:8      | Found an ornate altar of the Wu Jian Council.
 10224 | D:8      | Noticed Psyche
 10230 | D:8      | Killed Psyche
 10580 | D:9      | Reached skill level 5 in Conjurations
 10598 | D:9      | Reached XP level 10. HP: 65/81 MP: 3/18
 10916 | D:9      | Found Buscha Enosu's Jewellery Shop.
 11176 | D:9      | Found Moch's Distillery.
 11225 | D:9      | Found a broken altar of Ashenzari.
 11225 | D:9      | Found Usivvuel's Armour Shoppe.
 11407 | D:9      | Noticed Erica
 11421 | D:9      | Killed Erica
 11573 | D:9      | Offered knowledge of Poisonous Vapours by Vehumet.
 11673 | D:9      | Noticed Joseph
 11754 | D:9      | Killed Joseph
 11755 | D:9      | Reached skill level 5 in Unarmed Combat
 11968 | D:9      | Reached ** piety under Vehumet
 12074 | D:10     | Entered Level 10 of the Dungeon
 12662 | D:10     | Noticed an orange demon
 12667 | D:10     | Killed an orange demon
 12851 | D:10     | Noticed an orange demon
 12851 | D:10     | Noticed an orange demon
 12851 | D:10     | Noticed an orange demon
 12857 | D:10     | Killed an orange demon
 12857 | D:10     | Killed an orange demon
 12857 | D:10     | Killed an orange demon
 12858 | D:10     | Reached XP level 11. HP: 56/89 MP: 5/20
 12874 | D:10     | Gained mutation: You have large cloven feet. [potion of
                  | mutation]
 12874 | D:10     | Gained mutation: You have supernaturally acute eyesight.
                  | (SInv) [potion of mutation]
 12874 | D:10     | Gained mutation: You possess an exceptional clarity of
                  | mind. [potion of mutation]
 13533 | D:10     | Found a snail-covered altar of Cheibriados.
 13539 | D:10     | Noticed a two-headed ogre
 13543 | D:10     | Killed a two-headed ogre
 14171 | D:11     | Reached skill level 10 in Ice Magic
 14175 | D:11     | Offered knowledge of Inner Flame by Vehumet.
 14387 | D:11     | Found a staircase to the Lair.
 14830 | D:11     | Reached *** piety under Vehumet
 14998 | D:11     | Offered knowledge of Stone Arrow by Vehumet.
 15212 | D:11     | Found a portal to a secret trove of treasure.
 15215 | D:11     | Identified a scroll of acquirement
 15215 | D:11     | Acquired the ring "Korr" {Ice rPois Str+2 Int+4}
 15795 | D:11     | Found a staircase to the Orcish Mines.
 15916 | D:11     | Found a hazy altar of Hepliaklqana.
 15964 | D:12     | Noticed a five-headed hydra
 15978 | D:12     | Killed a five-headed hydra
 16384 | D:12     | Noticed a purple ugly thing
 16391 | D:12     | Reached **** piety under Vehumet
 16392 | D:12     | Gained mutation: Spells you cast may paralyse adjacent
                  | enemies. [demonic ancestry]
 16392 | D:12     | Reached XP level 12. HP: 79/99 MP: 17/22
 16533 | D:12     | Noticed a two-headed ogre
 16544 | D:12     | Killed a two-headed ogre
 16950 | D:12     | Noticed Erolcha
 16961 | D:12     | Killed Erolcha
 16962 | D:12     | Reached skill level 10 in Fighting
 17206 | D:12     | Offered knowledge of Sticky Flame by Vehumet.
 17548 | D:13     | Noticed a death knight
 17720 | D:13     | Noticed a centaur warrior
 17726 | D:13     | Slain by a meliai

Illustrated notes

Levels and vault maps discovered:
D:1:      minmay_arrival_five_plusses, layout_loops_ring, minmay_pentomino_q4
D:2:      layout_loops_ring, serial_shops, nicolae_shop_crystal,
          shapermc_ecumenical_altar_mp_ritualfount,
          corexii_item_surrounded_by_moat
D:3:      layout_basic, nicolae_gozag_conspicuous_consumption, st_stairs_5
D:4:      layout_gridville, tso_oasis_becter, kennysheep_orc_sif_temple,
          mainiacjoe_overflow_catwalk, serial_shops, nicolae_shop_behind_doors
D:5:      layout_basic
D:6:      layout_basic, minmay_temple_entry_wispy, serial_shops,
          nicolae_shop_crystal
D:7:      layout_loops_cross, trog_hazing_becter, grunt_ministairs_15,
          nrook_uturn, kennysheep_path_1
D:8:      layout_basic, zin_angel, mainiacjoe_overflow_two_lobes, uniq_psyche,
          uniq_maggie, uniq_harold
D:9:      layout_long_grid, overflow_temple_1_default, serial_shops, shop,
          nicolae_shop_crystal, shop, minmay_door_square, uniq_erica,
          uniq_joseph
D:10:     layout_rooms, mainiacjoe_overflow_small_starburst,
          minmay_beelzebubs_servants
D:11:     layout_roguey, erik_lair_island, hiddenorc1_lemuel,
          trove_entry_hex_spiral, worldfamousw_hep_ancestral_shrine
D:12:     layout_irregular_city, portal_ice_cave_entry_pillars_1, uniq_erolcha
D:13:     layout_roguey, gammafunk_ghost_abyssal_escape
Temple:   nicolae_temple_hex_pool

Skill      XL: |  1  2  3  4  5  6  7  8  9 10 11 12 |
---------------+-------------------------------------+-----
Ice Magic      | 4 5 6 7 8 9 10 | 10.8
Spellcasting   | 3 4 5 6 7 |  7.3
Unarmed Combat | 1 2 3 4 5 6 |  6.6
Fighting       | 2 4 5 7 8 9 10 | 10.3
Conjurations   | 2 5 7 8 9 |  9.2
Dodging        | |  1.7
Stealth        | |  1.7

Action                   |  1- 3 |  4- 6 |  7- 9 | 10-12 || total
-------------------------+-------+-------+-------+-------++-------
Melee: Dagger            |    61 |    13 |       |       ||    74
       Unarmed           |       |    41 |    79 |   175 ||   295
       Punch             |       |       |     1 |     7 ||     8
 Cast: Freeze            |    59 |    50 |    54 |    31 ||   194
       Ozocubu's Armour  |     1 |     1 |     7 |    11 ||    20
       Frozen Ramparts   |       |     5 |    27 |    34 ||    66
       Hailstorm         |       |       |     7 |    50 ||    57
       Ice Form          |       |       |     1 |       ||     1
  Use: Scroll            |     7 |     3 |       |     8 ||    18
       Potion            |     2 |     1 |     4 |     7 ||    14
 Stab: Sleeping          |     4 |     4 |       |     1 ||     9
       Distracted        |       |       |     1 |       ||     1
       Paralysed         |       |       |       |     5 ||     5
Armor: Robe              |    27 |    22 |    27 |    47 ||   123
       Skin              |       |       |     6 |    17 ||    23
Dodge: Dodged            |    84 |    55 |    59 |   100 ||   298
Block: Other             |    11 |    23 |    31 |    58 ||   123
       Reflection        |       |     1 |     2 |     4 ||     7
